 Dungeon Sprint DCSS version 0.17-a0-1655-g88a8506 (webtiles) character file.

284 Kidiri the Covert (level 6, -1/30 HPs)
             Began as a Spriggan Enchanter on Aug 15, 2015.
             Was an Initiate of Dithmenos.
             Slain by a spatial vortex (15 damage)
             ... in the Dungeon (Sprint III: "The Ten Rune Challenge").
             The game lasted 00:02:29 (541 turns).

Kidiri the Covert (Spriggan Enchanter)               Turns: 541, Time: 00:02:29

Health: -1/30      AC:  8    Str:  3 (4)  XL:     6   Next: 7%
Magic:  2/17       EV: 25    Int: 17      God:    Dithmenos [......]
Gold:   17         SH:  0    Dex: 18      Spells: 5 memorised, 7 levels left

rFire  . . .     SeeInvis +     a - +0 dagger (drain)
rCold  . . .     Clarity  .     b - +1 robe
rNeg   . . .     SustAt   .     (shield restricted)
rPois  .         Gourm    .     (helmet restricted)
rElec  .         Spirit   .     (no cloak)
rCorr  .         Warding  .     (gloves unavailable)
rMut   .         NoTele   +     (boots unavailable)
MR     +....                    (no amulet)
Stlth  +++++.....               (no ring)
                                (no ring)

@: very quick, somewhat resistant to hostile enchantments, quite stealthy
A: unfitting armour, fangs 1, iridescent scales 1, molten scales 1, see
invisible, deterioration 1, herbivore 3, speed 3, robust 1, slow metabolism 2,
wild magic 1
a: Renounce Religion


You were in the Dungeon.
You worshipped Dithmenos.
Dithmenos was noncommittal.
You were not hungry.

You visited 1 branch You collected 17 gold pieces.

Inventory:

Hand weapons
 a - a +0 dagger of draining (weapon)
Armour
 b - a +1 robe (worn)
Scrolls
 j - a scroll of blinking
 m - a scroll of holy word {unknown}
 o - 3 scrolls of remove curse
 s - a scroll of torment {unknown}
Potions
 e - a potion of curing
 f - a potion of heal wounds
 g - a potion of haste
 h - a potion of magic
 i - a potion of berserk rage
 k - a potion of ambrosia
 q - 2 potions of cure mutation
 r - 3 potions of flight
Comestibles
 c - a royal jelly
 d - 2 bread rations
 p - 3 fruits


   Skills:
 + Level 4.5 Short Blades
 * Level 8.9 Dodging
 * Level 10.1 Stealth
 * Level 7.4 Spellcasting
 + Level 2.0 Conjurations
 + Level 6.1 Hexes
 + Level 2.6 Ice Magic
 + Level 0.0 Invocations


You had 7 spell levels left.
You knew the following spells:

 Your Spells              Type           Power        Failure   Level  Hunger
a - Corona                Hex            #####..      3%          1    None
b - Ensorcelled Hibernat  Hex/Ice        ####..       7%          2    None
c - Confuse               Hex            #####...     7%          3    ##.....
d - Tukima's Dance        Hex            #####...     7%          3    ##.....
e - Dazzling Spray        Conj/Hex       ####....     19%         3    ##.....


Dungeon Overview and Level Annotations

Branches:
Dungeon (1/1)

Altars:
Dithmenos
Gozag
Makhleb
Nemelex Xobeh
Qazlal
Ru
Xom
Jiyva
Lugonu


Innate Abilities, Weirdness & Mutations

You are tiny and cannot use many weapons and most armour.
You have supernaturally acute eyesight.
You are a herbivore.
You cover ground extremely quickly.
You need consume almost no food.
You have very sharp teeth.
You are partially covered in iridescent scales (AC +4).
You are partially covered in molten scales (AC +1).
Your body sometimes deteriorates upon taking damage.
You are robust (+10% HP).
Your spells are a little harder to cast, but a little more powerful.


Message History

The spatial vortex completely misses you.
You hit the spatial vortex.
You bite the spatial vortex, but do no damage.
The spatial vortex is severely damaged.
The spatial vortex hits you but does no damage.
You barely miss the spatial vortex. Your bite misses the spatial vortex.
The spatial vortex is severely damaged.
You hit the spatial vortex.
You bite the spatial vortex, but do no damage.
The spatial vortex is almost destroyed.
The spatial vortex barely misses you.
There is a viscous altar of Jiyva here.
You barely miss the spatial vortex.
The spatial vortex is almost destroyed.
The spatial vortex hits you!
Ouch! That really hurt!
Your body deteriorates!
You feel weakened. Space warps horribly around you!
Ouch! That really hurt!
You die...

...♣.♣ ♣.# ...≈.♣♣
♣.###+#+###+##
..≈≈♣.♣♣♣.#..........#
.≈≈≈≈.♣.♣.'.⌠........#
.≈≈≈≈≈≈♣♣.#...######'#
≈≈≈≈≈≈....#.⌠.#__#...#
≈≈≈≈≈.....#...#__#...#
≈≈≈.......#+###__#...#
..........# #_@#...+
..........# #_v'...#
▓▓▓▓▓▓▓▓▓▓▓ ▓▓▓▓▓▓▓▓


You could see a spatial vortex.

Vanquished Creatures
  A shadow (D)
  A water elemental (D)
  A jelly (D)
  A wolf (D)
  Jessica (D)
  A human (D)
  3 rats (D)
9 creatures vanquished.

Vanquished Creatures (others)
  2 draconian scorchers (D)
  A yaktaur (D)
3 creatures vanquished.

Grand Total: 12 creatures vanquished

Notes
Turn   | Place    | Note
--------------------------------------------------------------
     0 | D        | Kidiri the Spriggan Enchanter began the quest for the Orb.
     0 | D        | Reached XP level 1. HP: 9/9 MP: 5/5
    77 | D        | Noticed Jessica
    80 | D        | Killed Jessica
    80 | D        | Reached skill level 5 in Dodging
    80 | D        | Reached skill level 6 in Stealth
    80 | D        | Reached XP level 2. HP: 13/13 MP: 6/8
    84 | D        | Killed a yaktaur
    98 | D        | Learned a level 2 spell: Ensorcelled Hibernation
   120 | D        | Reached XP level 3. HP: 16/16 MP: 7/10
   122 | D        | Noticed a wolf
   138 | D        | Killed a wolf
   138 | D        | Reached skill level 7 in Stealth
   138 | D        | Reached skill level 5 in Spellcasting
   138 | D        | Reached skill level 1 in Ice Magic
   138 | D        | Reached XP level 4. HP: 21/21 MP: 7/12
   177 | D        | Learned a level 3 spell: Confuse
   181 | D        | Learned a level 3 spell: Tukima's Dance
   185 | D        | Learned a level 3 spell: Dazzling Spray
   205 | D        | Killed a white draconian scorcher
   257 | D        | Killed a white draconian scorcher
   300 | D        | Gained mutation: Your spells are a little harder to cast, but a little more powerful. [potion of mutation]
   300 | D        | Gained mutation: You are partially covered in molten scales (AC +1). [potion of mutation]
   300 | D        | Gained mutation: You have very sharp teeth. [potion of mutation]
   301 | D        | Gained mutation: You are partially covered in iridescent scales (AC +4). [potion of mutation]
   301 | D        | Gained mutation: You are robust (+10% HP). [potion of mutation]
   301 | D        | Gained mutation: Your body sometimes deteriorates upon taking damage. [potion of mutation]
   354 | D        | Noticed a water elemental
   383 | D        | Killed a water elemental
   383 | D        | Reached skill level 8 in Stealth
   383 | D        | Reached skill level 1 in Conjurations
   383 | D        | Reached skill level 5 in Hexes
   510 | D        | Noticed a jelly
   511 | D        | Noticed a shadow
   515 | D        | Killed a shadow
   515 | D        | Reached skill level 9 in Stealth
   515 | D        | Reached XP level 5. HP: 26/26 MP: 13/15
   519 | D        | Killed a jelly
   519 | D        | Reached skill level 10 in Stealth
   519 | D        | Reached XP level 6. HP: 30/30 MP: 14/17
   524 | D        | Found a stormy altar of Qazlal.
   525 | D        | Noticed a spatial vortex
   525 | D        | Found a sacrificial altar of Ru.
   525 | D        | Found a burning altar of Makhleb.
   525 | D        | Found a viscous altar of Jiyva.
   525 | D        | Found a shimmering altar of Xom.
   525 | D        | Found a shadowy altar of Dithmenos.
   525 | D        | Found a sparkling altar of Nemelex Xobeh.
   525 | D        | Found a corrupted altar of Lugonu.
   525 | D        | Found an opulent altar of Gozag.
   529 | D        | Became a worshipper of Dithmenos the Shadowed
   541 | D        | Slain by a spatial vortex

Vault maps used:
D:        dungeon_sprint_mu

Action                   |  1- 3 |  4- 6 || total
-------------------------+-------+-------++-------
Melee: Dagger            |    15 |     8 ||    23
 Cast: Ensorcelled Hiber |     2 |       ||     2
       Dazzling Spray    |       |    11 ||    11
  Use: Scroll            |       |     3 ||     3
       Potion            |       |     3 ||     3
 Stab: Sleeping          |     4 |     2 ||     6
